 Dungeon Crawl Stone Soup version 0.23-a0-143-g1adec7b (webtiles) character file.

117 galech the Skirmisher (level 4, -10/38 HPs)
             Began as a Demonspawn Monk on Sept 3, 2018.
             Killed by divine providence
             ... invoked by an orc priest
              (17 damage)
             ... on level 3 of the Dungeon.
             The game lasted 00:02:43 (2342 turns).

galech the Skirmisher (Demonspawn Monk)             Turns: 2342, Time: 00:02:44

Health: -10/38     AC:  7    Str: 11    XL:     4   Next: 71%
Magic:  4/4        EV: 12    Int: 11    God:
Gold:   53         SH:  0    Dex: 17    Spells: 3/3 levels left

rFire    . . .     SeeInvis .   a - +0 hand axe
rCold    . . .     Gourm    .   (no shield)
rNeg     . . .     Faith    .   d - +0 ring mail
rPois    .         Spirit   .   (no helmet)
rElec    .         Reflect  .   (no cloak)
rCorr    .         Harm     .   (no gloves)
MR       .....                  (no boots)
Stlth    ++........             (no amulet)
HPRegen  0.12/turn              (no ring)
MPRegen  0.09/turn              (no ring)

@: no status effects
A: rugged brown scales 2
a: no special abilities


You were on level 3 of the Dungeon.
You were not hungry.

You visited 1 branch of the dungeon, and saw 3 of its levels.

You collected 53 gold pieces.

Inventory:

Hand Weapons
 a - a +0 hand axe (weapon)
Armour
 d - a +0 ring mail (worn)
 f - a +0 leather armour
Scrolls
 b - 2 scrolls of noise {unknown}
 e - 3 scrolls of remove curse {unknown}
 h - a scroll of teleportation {unknown}
 k - a scroll of magic mapping {unknown}
 l - a scroll of enchant armour {unknown}
 m - a scroll of fog {unknown}
Potions
 i - a potion of berserk rage {unknown}
 j - a potion of cancellation {unknown}
Comestibles
 c - 2 rations
 g - 3 chunks of flesh


   Skills:
 + Level 3.7 Fighting
 + Level 3.6 Axes
 + Level 1.4 Armour
 + Level 3.2 Dodging
 + Level 2.1 Stealth


You had 3 spell levels left.
You didn't know any spells.
Your spell library was empty.

Dungeon Overview and Level Annotations

Branches:
Dungeon (3/15)

Altars:
Ashenzari
Gozag
Nemelex Xobeh


Innate Abilities, Weirdness & Mutations

You are mostly covered in rugged brown scales. (AC +2, +5% HP)


Message History

* * * LOW HITPOINT WARNING * * *
The orc hits you but does no damage.
You hit the orc priest.
The orc priest is moderately wounded.
You hit the orc. The orc priest hits you.
* * * LOW HITPOINT WARNING * * *
The orc hits you with a dagger.
* * * LOW HITPOINT WARNING * * *
You barely miss the orc priest.
The orc priest is moderately wounded.
Your ring mail prevents you from hitting the orc.
The orc priest closely misses you. The orc hits you but does no damage.
The orc priest closely misses you.
Unknown command.
You closely miss the orc priest.
The orc priest is moderately wounded.
You hit the orc. The orc hits you but does no damage.
The orc priest calls down the wrath of Beogh upon you.
Beogh smites you!
You die...

... ... # #.#
#.#.# # #.#.#
#.##.#.# #....oo#
#...)@# #.###.##
#..# #.###%.#
#......# #.#.
######.# .....
#.# #.##.#. #.#
####.##.#.
#.######.......#.


You could see an orc priest and an orc.

Vanquished Creatures
  6 adders
  A worm (D:2)
  4 orcs (D:3)
  A giant cockroach (D:1)
  5 goblins
  9 hobgoblins
  7 jackals
  8 kobolds
  3 bats
  4 frilled lizards
  8 rats
56 creatures vanquished.

Notes
Turn   | Place    | Note
-------+----------+-------------------------------------------
     0 | D:1      | galech the Demonspawn Monk began the quest for the Orb.
     0 | D:1      | Reached XP level 1. HP: 18/18 MP: 1/1
   345 | D:1      | Gained mutation: You are partially covered in rugged brown
                  | scales. (AC +1, +3% HP) [demonic ancestry]
   345 | D:1      | Reached XP level 2. HP: 15/24 MP: 2/2
   873 | D:2      | Found a shattered altar of Ashenzari.
   884 | D:2      | Gained mutation: You are mostly covered in rugged brown
                  | scales. (AC +2, +5% HP) [demonic ancestry]
   884 | D:2      | Reached XP level 3. HP: 18/30 MP: 3/3
  1476 | D:2      | Found an opulent altar of Gozag.
  1477 | D:2      | Found a sparkling altar of Nemelex Xobeh.
  1485 | D:2      | Reached XP level 4. HP: 23/36 MP: 4/4
  1944 | D:3      | Reached skill level 1 in Armour
  2342 | D:3      | Killed from afar by an orc priest

Vault maps used:
D:1:      dpeg_arrival_connections, grunt_decor_cap
D:2:      grunt_temple_overflow_opulence, ashenzari_altar_1, first_ration,
          hangedman_decor_clover_reticule
D:3:      doesnt_xom_only_xom, uniq_ijyb, uniq_robin

Skill      XL: |  1  2  3  4 |
---------------+-------------+-----
Axes           | 3 |  3.6
Stealth        | 2 |  2.1
Dodging        | 3 |  3.2
Armour         | 1 |  1.4
Fighting       | |  3.7

Action                   |  1- 3 |  4- 6 || total
-------------------------+-------+-------++-------
Melee: Hand axe          |   106 |    91 ||   197
  Use: Potion            |     1 |       ||     1
 Stab: Sleeping          |     3 |       ||     3
  Eat: Chunk             |     2 |     3 ||     5
Armor: Robe              |     3 |       ||     3
       Ring mail         |    26 |    42 ||    68
       Leather armour    |     1 |       ||     1
Dodge: Dodged            |    77 |    70 ||   147

Table legend:
 A = Non-vault XP
 B = Vault XP
 C = Vault XP percentage of total XP
 D = Non-vault monster count
 E = Vault monster count
 F = Vault count percentage of total count
                 A         B        C        D         E       F
            +---------+---------+-------+---------+---------+-------
      Total |     168 |       0 |   0.0 |      56 |       0 |   0.0
            +---------+---------+-------+---------+---------+-------
        D:1 |      24 |       0 |   0.0 |      16 |       0 |   0.0
        D:2 |      83 |       0 |   0.0 |      20 |       0 |   0.0
        D:3 |      61 |       0 |   0.0 |      20 |       0 |   0.0
            +---------+---------+-------+---------+---------+-------
